 Dungeon Crawl Stone Soup version 0.21.1-1-g345015f (webtiles) character file.

34 theblackcape the Skirmisher (level 3, -5/30 HPs)
             Began as a Formicid Abyssal Knight on June 25, 2018.
             Was a Follower of Lugonu.
             Slain by a bullfrog (7 damage)
             ... on level 2 of the Dungeon.
             The game lasted 00:04:48 (1148 turns).

theblackcape the Skirmisher (FoAK)                  Turns: 1148, Time: 00:04:48

Health: -5/30      AC:  3    Str: 17    XL:     3   Next: 50%
Magic:  4/4        EV: 11    Int: 11    God:    Lugonu [*.....]
Gold:   125        SH:  0    Dex: 10    Spells: 2/2 levels left

rFire    . . .     SeeInvis +   a - +1 mace
rCold    . . .     Gourm    .   (no shield)
rNeg     . . .     Faith    .   b - +0 leather armour
rPois    .         Spirit   .   (helmet unavailable)
rElec    .         Reflect  .   (no cloak)
rCorr    .         Harm     .   (no gloves)
MR       .....                  (no boots)
Stlth    +.........             (no amulet)
HPRegen  0.10/turn              (no ring)
MPRegen  0.09/turn              (no ring)

@: no status effects
A: permanent stasis, dig shafts and tunnels, four strong arms, antennae 3
a: Dig, Shaft Self, Depart the Abyss, Renounce Religion


You were on level 2 of the Dungeon.
You worshipped Lugonu.
Lugonu was aware of your devotion.
You were not hungry.

You visited 1 branch of the dungeon, and saw 2 of its levels.
You visited the Abyss 1 time.

You collected 125 gold pieces.

Inventory:

Hand Weapons
 a - a +1 mace (weapon)
 i - a +0 hunting sling
Missiles
 k - 81 stones
 l - 3 javelins
 o - 11 sling bullets (quivered)
Armour
 b - a +0 leather armour (worn)
 e - a +0 ring mail
 f - a +1 cloak
Scrolls
 g - a scroll of fog {unknown}
 j - a scroll of identify {unknown}
 n - a scroll of amnesia {unknown}
Potions
 d - a potion of curing {unknown}
 h - a potion of brilliance {unknown}
Comestibles
 c - 2 rations


   Skills:
 + Level 4.2 Fighting
 + Level 2.5 Maces & Flails
 + Level 0.2 Slings
 - Level 2.1 Armour
 - Level 0.8 Dodging
 + Level 2.5 Invocations


You had 2 spell levels left.
You didn't know any spells.

Dungeon Overview and Level Annotations

Branches:
Dungeon (2/15)

Altars:


Innate Abilities, Weirdness & Mutations

You cannot be hasted, slowed, berserked, paralysed or teleported.
You can dig through walls and to a lower floor.
Your four strong arms can wield two-handed weapons with a shield.
You have a pair of large antennae on your head. (SInv)


Message History

You barely miss the bullfrog.
The bullfrog is moderately wounded.
The bullfrog hits you. x2
* * * LOW HITPOINT WARNING * * *
You hit the bullfrog.
The bullfrog is heavily wounded.
The bullfrog barely misses you. x2
You sock the bullfrog!
The bullfrog is severely wounded.
The bullfrog hits you.
* * * LOW HITPOINT WARNING * * *
The bullfrog barely misses you.
You barely miss the bullfrog.
The bullfrog is severely wounded.
The bullfrog barely misses you. The bullfrog closely misses you.
You hit the bullfrog.
The bullfrog is almost dead.
The bullfrog hits you but does no damage.
The bullfrog hits you!
You die...

..####...# #.(## #..#
#..# ## ####.w# ..
#.....# #...# #.
#...###(# #...# #.
##..###F# #...# #. #
#...@# #...# #.
####.###...#########.
#.....##...##........
####..##...##........
#...........######
#.###...##.#######
#.# ######........ {
#.# ######### #.# {


You could see a bullfrog and a worm.

Vanquished Creatures
  A worm (D:2)
  A dart slug (D:1)
  A leopard gecko (D:1)
  3 bats (D:1)
  A giant cockroach (D:1)
  4 goblins
  5 hobgoblins (D:1)
  2 jackals (D:1)
  A frilled lizard (D:1)
  2 kobolds
  5 rats
26 creatures vanquished.

Notes
Turn   | Place    | Note
-------+----------+-------------------------------------------
     0 | Abyss:1  | theblackcape the Formicid Abyssal Knight began the quest for the Orb.
     0 | Abyss:1  | Reached XP level 1. HP: 18/18 MP: 2/2
    90 | Abyss:2  | Noticed a hellwing
    93 | Abyss:2  | Noticed an iron imp
   109 | Abyss:2  | Noticed a ynoxinul
   111 | D:1      | Escaped the Abyss
   150 | D:1      | Reached XP level 2. HP: 22/25 MP: 3/3
   388 | D:1      | Reached * piety under Lugonu
   388 | D:1      | Reached skill level 4 in Fighting
   782 | D:1      | Reached XP level 3. HP: 25/30 MP: 4/4
  1119 | D:2      | Noticed a bullfrog
  1148 | D:2      | Slain by a bullfrog

Skill      XL: |  1  2 |
---------------+-------+-----
Fighting       | 4 |  4.2
Maces & Flails | |  2.5
Slings         | |  0.2
Armour         | |  2.1
Dodging        | |  0.8
Invocations    | |  2.5

Action                   || total
-------------------------++-------
Melee: Mace              ||    65
 Fire: Hunting sling     ||    21
Invok: Depart the Abyss  ||     1
  Eat: Chunk             ||     1
Armor: Leather armour    ||    23
Dodge: Dodged            ||    60
